 Dungeon Crawl Stone Soup version 0.16.0-17-g811c1d7 (webtiles) character file.

17903 ProjectEKO the Arsonist (level 12, -15/72 HPs)
             Began as a Deep Elf Fire Elementalist on Mar 20, 2015.
             Was a High Priest of Vehumet.
             Demolished by Rupert
             ... wielding a +0 triple sword of draining
              (20 damage)
             ... while paralysed by Rupert
             ... on level 3 of the Lair of Beasts.
             The game lasted 01:14:13 (14284 turns).

ProjectEKO the Arsonist (DEFE)                     Turns: 14284, Time: 01:14:14

Health: -15/72     AC: 11    Str:  5    XL:     12   Next: 23%
Magic:  20/33      EV:  2    Int: 28    God:    Vehumet [*****.]
Gold:   707        SH:  0    Dex: 15    Spells: 6 memorised, 13 levels left

rFire  + . .     SeeInvis .     b - staff of energy {!a}
rCold  . . .     Clarity  .     I - +0 robe {rF+}
rNeg   . . .     SustAb   .     k - +0 buckler
rPois  +         Gourm    .     G - +0 helmet
rElec  .         Spirit   .     p - +1 cloak {MR+}
rCorr  .         Warding  .     (no gloves)
rMut   .         Stasis   .     (no boots)
MR     ++...                    s - amulet of faith {!P}
Stlth  ++........               x - +6 ring of protection
                                K - ring of invisibility

@: paralysed, drained, very resistant to hostile enchantments, unstealthy
A: talons 2, blink 1, clever 1, poison resistance
a: Blink, Renounce Religion, Evoke Invisibility


You were on level 3 of the Lair of Beasts.
You worshipped Vehumet.
Vehumet was extremely pleased with you.
You were not hungry.

You visited 2 branches of the dungeon, and saw 12 of its levels.

You collected 707 gold pieces.


Innate Abilities, Weirdness & Mutations

You have razor-sharp toenails.
You can translocate small distances at will.
Your mind is acute. (Int +2)
Your system is resistant to poisons.


   Skills:
 + Level 7.1(6.2) Fighting
 + Level 5.5(4.7) Dodging
 - Level 2.4(1.6) Stealth
 - Level 5.3(4.4) Shields
 - Level 10.2(9.3) Spellcasting
 - Level 10.7(9.8) Conjurations
 - Level 10.9(9.9) Fire Magic
 - Level 4.6(3.7) Air Magic
 - Level 4.0(3.1) Poison Magic


You had 13 spell levels left.
You knew the following spells:

 Your Spells              Type           Power        Failure   Level  Hunger
c - Mephitic Cloud        Conj/Pois/Air  #####...     1%          3    None
u - Inner Flame           Hex/Fire       #####...     1%          3    None
v - Iskenderun's Mystic   Conj           ######..     1%          4    None
x - Sticky Flame          Conj/Fire      ######..     1%          4    None
y - Conjure Flame         Conj/Fire      ######..     1%          3    None
z - Flame Tongue          Conj/Fire      #####        1%          1    None

Inventory:

Hand weapons
 a - a +4 mace of protection
Armour
 k - a +0 buckler (worn)
 p - a +1 cloak of magic resistance (worn)
 G - a +0 helmet (worn)
 I - a +0 robe of fire resistance (worn)
Magical staves
 b - an uncursed staff of energy (weapon) {!a}
Jewellery
 j - an uncursed ring of wizardry
 r - an uncursed amulet of clarity {unknown}
 s - an amulet of faith (around neck) {!P}
 x - a +6 ring of protection (right hand)
 K - a ring of invisibility (left hand)
Magical devices
 e - a wand of fire (5)
 m - a wand of flame (10)
 y - a wand of cold (1)
 B - a wand of disintegration (11)
 L - a wand of fire (0)
Scrolls
 f - 3 scrolls of magic mapping
 i - 2 scrolls of noise {!r}
 n - 8 scrolls of remove curse
 q - 2 scrolls of amnesia
 v - 2 scrolls of identify
 F - a scroll of fear
Potions
 h - 4 potions of curing
 l - a potion of flight
 o - a potion of might
 t - a potion of lignification {unknown}
 u - 4 potions of cure mutation
 A - 2 potions of cancellation
 E - a potion of restore abilities
 J - a potion of poison {unknown}
 M - a potion of invisibility {unknown}
Books
 d - a Fen Folio

   Spells                             Type                      Level
   a - Corpse Rot                     Necromancy                   2
   b - Stone Arrow                    Conjuration/Earth            3
   c - Leda's Liquefaction            Hexes/Earth                  4
   d - Summon Forest                  Summoning/Translocation      5
   e - Hydra Form                     Transmutation                6
   f - Summon Hydra                   Summoning                    7
Miscellaneous
 C - an ornate deck of wonders
Comestibles
 c - 12 bread rations
 g - 19 fruits
 w - a slice of pizza
 z - 3 meat rations
 D - 10 beef jerkies
 H - 2 chunks of flesh {@*1}

Dungeon Overview and Level Annotations

Branches:
Dungeon (8/15)             Temple (0/1) D:6            Lair (4/8) D:8
  Swamp: Lair:3-6    Shoals: Lair:3-6     Snake: Lair:3-6    Spider: Lair:3-6

Altars:
Fedhas
Makhleb
Okawaru
Vehumet

Annotations:
D:8 Gastronok
Lair:3 Rupert
Lair:4 Nergalle; apoch's ghost, powerful DsAK

.....########....#.#.######...Y..
......# #.....#.##....#...###
.....########............#..#####
.....# #.........#.......#..###..
.....###.........##......#...##..
.....##..........##.......#.###..
..........##.....##.......#.##...
.....#.#####P..@..#......#..#....
.......## #P...e.###.##.....##..
.....#..####..(..#.#...####.###†#
..............(.............###÷.
..............(..................
...........................<.....
.................................
...#.###'#.##................####
#..### #.####...#...##.P....## ##
#..# #.##.#....#.#.###....# ##P


You could see Rupert.


Message History

Butt is engulfed in noxious fumes.
Aiming: Butt Cloud
Aim: Rupert, wielding a triple sword of draining, wearing a leather armour and wearing an amulet of stasis (moderately wounded, bewildered and confused)
The ball explodes into a vile cloud!
The stinking cloud engulfs Rupert.
Rupert is moderately wounded.
Rupert is engulfed in noxious fumes.
Rupert is engulfed in noxious fumes.
Aiming: Sticky Flame
Aim: Rupert, wielding a triple sword of draining, wearing a leather armour and wearing an amulet of stasis (lightly wounded, bewildered and confused)
The sticky flame hits Rupert.
Rupert is moderately butt.
Rupert is covered in liquid flames!
Butt seems less confused.
Rupert burns!
Rupert hits you with a triple sword of draining!!
You feel drained.
* * * LOW HITPOINT WARNING * * *
Unknown command.
Rupert burns!
Rupert burns!
Rupert throws a stone.
The stone hits you!!
* * * LOW HITPOINT WARNING * * *
You see here a stone.
Rupert burns!
Rupert yells loudly at you.
You suddenly lose the ability to move!
Rupert burns!
Rupert stops burning.
Rupert hits you with a triple sword of draining!
* * * LOW HITPOINT WARNING * * *
You feel drained.
* * * LOW HITPOINT BUTT * * *
Rupert hits you with a triple sword of draining!!
You die...

Action                   |  1- 3 |  4- 6 |  7- 9 | 10-12 || total
-------------------------+-------+-------+-------+-------++-------
Melee: Mace              |       |     6 |    50 |    12 ||    68
       Long sword        |       |       |     3 |       ||     3
 Cast: Flame Tongue      |    66 |   104 |   320 |   217 ||   707
       Conjure Flame     |     1 |       |     3 |    14 ||    18
       Sticky Flame      |       |     5 |     7 |    30 ||    42
       Blink             |       |       |     6 |       ||     6
       Inner Flame       |       |       |     6 |    28 ||    34
       Mephitic Cloud    |       |       |     1 |    35 ||    36
       Iskenderun's Myst |       |       |       |    57 ||    57
 Abil: Blink             |       |       |     1 |     6 ||     7
Evoke: Wand              |       |       |       |     8 ||     8
  Use: Scroll            |     2 |    10 |     7 |    12 ||    31
       Potion            |       |       |     4 |     1 ||     5
  Eat: Chunk             |     2 |     6 |    17 |    14 ||    39
       Fruit             |       |       |       |     1 ||     1
       Meat ration       |       |       |       |     1 ||     1
       Bread ration      |       |       |       |     1 ||     1

Vault maps used:
D:1:      minmay_arrival_solitary_statue
D:2:      makhleb_altar_promises_db, minivault_19, fedhas_altar_fruit_tree,
          uniq_jessica, uniq_sigmund
D:3:      grunt_ministairs_7, uniq_iyjb
D:4:      kennysheep_little_box, first_bread, uniq_crazy_yiuf_cottage,
          uniq_eustachio
D:5:      uniq_natasha
D:6:      vehumet_crystals, minmay_temple_entry_large_hall,
          minmay_misc_feat_hallway
D:7:      grunt_ogre_cave
D:8:      lair_0_dummy, basic_altar, uniq_gastronok
Lair:2:   infiniplex_staircase_pool_2
Lair:3:   pond, uniq_rupert
Lair:4:   disabler_island, grunt_megastairs_5, uniq_nergalle

Notes
Turn   | Place    | Note
--------------------------------------------------------------
     0 | D:1      | ProjectEKO, the Deep Elf Fire Elementalist, began the quest for the Orb.
     0 | D:1      | Reached XP level 1. HP: 10/10 MP: 5/5
   211 | D:1      | Reached XP level 2. HP: 15/15 MP: 4/8
   308 | D:1      | Reached skill level 2 in Conjurations
   971 | D:2      | Found a blossoming altar of Fedhas.
  1034 | D:2      | Noticed Sigmund
  1205 | D:2      | Reached XP level 3. HP: 19/19 MP: 3/10
  1281 | D:2      | Learned a level 3 spell: Conjure Flame
  1409 | D:2      | Noticed Jessica
  1410 | D:2      | Killed Jessica
  1410 | D:2      | Reached skill level 3 in Conjurations
  1410 | D:2      | Reached skill level 4 in Fire Magic
  1497 | D:2      | Reached XP level 4. HP: 24/24 MP: 6/13
  1597 | D:2      | Found a burning altar of Makhleb.
  1599 | D:2      | Noticed a green death
  1704 | D:2      | Killed Sigmund
  1704 | D:2      | Reached XP level 5. HP: 28/28 MP: 7/16
  1723 | D:2      | Reached skill level 4 in Conjurations
  1758 | D:2      | Reached skill level 5 in Fire Magic
  2104 | D:3      | Learned a level 4 spell: Sticky Flame
  2327 | D:3      | Noticed Ijyb
  2333 | D:3      | Killed Ijyb
  2531 | D:4      | Reached XP level 6. HP: 26/32 MP: 11/18
  2634 | D:4      | Noticed Eustachio
  2752 | D:4      | Reached skill level 5 in Conjurations
  2981 | D:4      | Noticed Crazy Yiuf
  2992 | D:4      | Killed Crazy Yiuf
  3154 | D:4      | Killed Eustachio
  3154 | D:4      | Reached skill level 6 in Fire Magic
  3280 | D:4      | Found an iron altar of Okawaru.
  3312 | D:5      | Entered Level 5 of the Dungeon
  3318 | D:5      | Reached XP level 7. HP: 36/36 MP: 13/20
  3514 | D:5      | Reached skill level 6 in Conjurations
  3550 | D:5      | Learned a level 2 spell: Blink
  3587 | D:5      | Reached skill level 7 in Fire Magic
  3668 | D:5      | Noticed Natasha
  3672 | D:5      | Killed Natasha
  3982 | D:6      | Reached skill level 7 in Conjurations
  4090 | D:6      | Found a radiant altar of Vehumet.
  4101 | D:6      | Became a worshipper of Vehumet
  4189 | D:6      | Reached XP level 8. HP: 13/41 MP: 6/21
  4410 | D:6      | Reached skill level 8 in Fire Magic
  4621 | D:6      | Reached skill level 8 in Conjurations
  4634 | D:6      | Found a staircase to the Ecumenical Temple.
  4844 | D:6      | HP: 3/41 [orc warrior/flail of protection (18)]
  5264 | D:6      | Acquired Vehumet's first power
  5264 | D:6      | Offered knowledge of Shock by Vehumet.
  5337 | D:6      | Reached skill level 9 in Fire Magic
  5347 | D:6      | Learned a level 3 spell: Inner Flame
  5564 | D:7      | Reached skill level 9 in Conjurations
  5664 | D:7      | Reached XP level 9. HP: 37/45 MP: 18/22
  6599 | D:8      | Reached skill level 10 in Fire Magic
  6624 | D:8      | Offered knowledge of Throw Frost by Vehumet.
  6702 | D:8      | Reached skill level 10 in Conjurations
  6726 | D:8      | Found a burning altar of Makhleb.
  6863 | D:8      | Noticed Gastronok
  6888 | D:7      | Gained mutation: You can translocate small distances at will. [potion of mutation]
  6888 | D:7      | Gained mutation: Your mind is acute. (Int +2) [potion of mutation]
  6888 | D:7      | Gained mutation: You have sharp toenails. [potion of mutation]
  6889 | D:7      | Gained mutation: Your system is resistant to poisons. [potion of mutation]
  6889 | D:7      | Gained mutation: You have razor-sharp toenails. [potion of mutation]
  7186 | D:8      | Found a staircase to the Lair.
  7196 | D:8      | Offered knowledge of Mephitic Cloud by Vehumet.
  7211 | D:8      | Learned a level 3 spell: Mephitic Cloud
  7328 | Lair:1   | Entered Level 1 of the Lair of Beasts
  7426 | Lair:1   | Noticed a komodo dragon
  7440 | Lair:1   | Killed a komodo dragon
  7440 | Lair:1   | Acquired Vehumet's second power
  7440 | Lair:1   | Reached skill level 1 in Fighting
  7440 | Lair:1   | Reached skill level 1 in Shields
  7689 | Lair:1   | Reached skill level 2 in Shields
  7689 | Lair:1   | Reached skill level 1 in Poison Magic
  7783 | Lair:1   | Reached XP level 10. HP: 34/53 MP: 16/24
  7936 | Lair:1   | Reached skill level 2 in Poison Magic
  7936 | Lair:1   | Reached skill level 3 in Shields
  7936 | Lair:1   | Reached skill level 3 in Poison Magic
  8083 | Lair:1   | Reached skill level 4 in Poison Magic
  8336 | Lair:1   | Offered knowledge of Iskenderun's Mystic Blast by Vehumet.
  8336 | Lair:1   | Reached skill level 1 in Air Magic
  8441 | Lair:1   | Noticed a black mamba
  8450 | Lair:1   | Killed a black mamba
  8450 | Lair:1   | Reached skill level 4 in Shields
  8450 | Lair:1   | Reached skill level 2 in Air Magic
  9199 | Lair:2   | Reached skill level 3 in Air Magic
  9524 | Lair:2   | Noticed a black mamba
  9532 | Lair:2   | Killed a black mamba
  9574 | Lair:2   | Noticed a four-headed hydra
  9581 | Lair:2   | Killed a four-headed hydra
  9581 | Lair:2   | Reached skill level 5 in Shields
  9581 | Lair:2   | Reached skill level 4 in Spellcasting
  9581 | Lair:2   | Reached skill level 4 in Air Magic
  9581 | Lair:2   | Acquired Vehumet's third power
  9750 | Lair:2   | Learned a level 4 spell: Iskenderun's Mystic Blast
 10186 | Lair:3   | Reached skill level 5 in Spellcasting
 10255 | Lair:3   | Identified a scroll of acquirement
 10353 | Lair:3   | Noticed a four-headed hydra
 10353 | Lair:3   | Reached skill level 2 in Fighting
 10355 | Lair:3   | Offered knowledge of Bolt of Magma by Vehumet.
 10355 | Lair:3   | Reached XP level 11. HP: 57/57 MP: 13/28
 10853 | Lair:3   | Noticed Rupert
 11111 | Lair:3   | Reached skill level 6 in Spellcasting
 11224 | Lair:3   | Noticed a black mamba
 11230 | Lair:3   | Killed a black mamba
 11230 | Lair:3   | Reached skill level 3 in Fighting
 11343 | Lair:3   | Noticed a four-headed hydra
 11388 | Lair:3   | Killed a four-headed hydra
 11388 | Lair:3   | Reached skill level 7 in Spellcasting
 11402 | Lair:3   | Noticed a death yak
 11402 | Lair:3   | Noticed a death yak
 11403 | Lair:3   | Noticed a death yak
 11433 | Lair:3   | Killed a death yak
 11433 | Lair:3   | Reached skill level 4 in Fighting
 11581 | Lair:3   | Noticed a death yak
 11609 | Lair:3   | Killed a death yak
 11609 | Lair:3   | Reached skill level 8 in Spellcasting
 11729 | Lair:3   | Noticed a death yak
 11737 | Lair:3   | Noticed a death yak
 11759 | Lair:3   | Killed a death yak
 11960 | Lair:3   | Noticed a four-headed hydra
 11981 | Lair:3   | HP: 1/62 [four-headed hydra (8)]
 11986 | Lair:3   | Killed a four-headed hydra
 11986 | Lair:3   | Reached skill level 5 in Fighting
 11986 | Lair:3   | Reached skill level 9 in Spellcasting
 12511 | Lair:3   | Killed a death yak
 12733 | Lair:3   | HP: 3/64 [Rupert/stone (10)]
 13065 | Lair:4   | Offered knowledge of Bolt of Draining by Vehumet.
 13096 | Lair:4   | Reached skill level 10 in Spellcasting
 13096 | Lair:4   | Reached skill level 6 in Fighting
 13405 | Lair:4   | Noticed apoch's ghost (powerful DsAK)
 13413 | Lair:4   | Noticed Nergalle
 13480 | Lair:3   | Reached skill level 3 in Dodging
 13887 | Lair:3   | Reached XP level 12. HP: 57/71 MP: 3/33
 13896 | Lair:3   | Killed a death yak
 13896 | Lair:3   | Reached skill level 4 in Dodging
 14075 | Lair:3   | Killed a death yak
 14081 | Lair:3   | Reached skill level 5 in Dodging
 14082 | Lair:3   | Reached skill level 7 in Fighting
 14279 | Lair:3   | Paralysed by Rupert for 7 turns
 14283 | Lair:3   | HP: 6/72 [Rupert/triple sword of draining (13)]
 14284 | Lair:3   | Demolished by Rupert

Vanquished Creatures
  3 hydras
  6 death yaks (Lair:3)
  4 black mambas
  3 spiny frogs
  A komodo dragon (Lair:1)
  A polar bear (Lair:2)
  2 basilisks (Lair:1)
  16 yaks
  Eustachio (D:4)
  4 wolves (Lair:4)
  3 hippogriffs
  7 water moccasins
  5 porcupines
  A sky beast (D:8)
  A swamp drake (Lair:3)
  An ice beast (D:6)
  2 black bears (D:8)
  4 orc warriors
  2 ogres (D:7)
  4 centaurs
  Sigmund (D:2)
  10 crocodiles
  14 giant frogs
  10 hounds
  A jelly (D:8)
  4 crimson imps
  Crazy Yiuf (D:4)
  8 orc wizards
  4 worker ants
  A centaur skeleton (D:6)
  5 orc priests
  A giant frog skeleton (D:5)
  Natasha (D:5)
  14 iguanas
  6 sheep (Lair:3)
  Ijyb (D:3)
  Jessica (D:2)
  A worker ant zombie (D:8)
  10 adders
  4 gnolls (D:4)
  20 river rats
  A giant mite (D:7)
  2 worms
  An adder zombie (D:8)
  7 giant geckos
  3 oozes
  26 orcs
  2 ball pythons (D:2)
  17 bats
  A bat skeleton (D:6)
  A bat zombie (D:5)
  3 giant cockroaches
  12 goblins
  16 hobgoblins
  11 jackals
  9 kobolds
  8 quokkas
  5 giant newts
  A giant spore (D:8)
  12 rats
  5 ballistomycetes (D:8)
  A bush (Lair:2)
  3 fungi (Lair:3)
  2 plants (Lair:3)
338 creatures vanquished.

Vanquished Creatures (collateral kills)
  A hippogriff (Lair:3)
1 creature vanquished.

Vanquished Creatures (others)
  An orc (D:7)
  A butterfly (D:2)
  8 fungi (Lair:3)
  5 plants (Lair:3)
15 creatures vanquished.

Grand Total: 354 creatures vanquished
